 Dungeon Crawl Stone Soup version 0.21.1-1-g345015f (webtiles) character file.

20834 keltmir the Spear-Bearer (level 12, -7/98 HPs)
             Began as a Demonspawn Gladiator on Mar 27, 2018.
             Was an Elder of Qazlal.
             Killed from afar by an electric eel (12 damage)
             ... with a bolt of electricity
             ... on level 3 of the Lair of Beasts.
             The game lasted 00:58:32 (19069 turns).

keltmir the Spear-Bearer (Demonspawn Gladiator)    Turns: 19069, Time: 00:58:33

Health: -7/98      AC: 19    Str: 24    XL:     12   Next: 48%
Magic:  20/20      EV: 10    Int: 11    God:    Qazlal [****..]
Gold:   1078       SH: 10    Dex: 14    Spells: 11/11 levels left

rFire    . . .     SeeInvis .   W - +4 spear (venom)
rCold    . . .     Gourm    +   m - +0 buckler
rNeg     . . .     Faith    .   x - +0 plate armour
rPois    .         Spirit   .   (helmet restricted)
rElec    .         Reflect  .   H - +1 cloak
rCorr    .         Harm     .   b - +0 pair of gloves
MR       +....                  (no boots)
Stlth    ..........             y - amulet of the gourmand
HPRegen  0.26/turn              r - ring of protection from magic
MPRegen  0.17/turn              T - +2 ring of evasion

@: mighty, repel missiles
A: horns 2, iridescent scales 1, demonic guardian 1, powered by pain 2
a: Upheaval, Elemental Force, Renounce Religion


You were on level 3 of the Lair of Beasts.
You worshipped Qazlal.
Qazlal was greatly pleased with you.
You were very full.

You visited 3 branches of the dungeon, and saw 16 of its levels.
You also visited: Volcano.

You collected 1078 gold pieces.

Inventory:

Hand Weapons
 E - a +3 spear of freezing
 P - the +10 fustibalus of the Sun {flame, +Fly}
   (You found it on level 10 of the Dungeon)

   It causes projectiles fired from it to burn those they strike, causing extra
   injury to most foes and up to half again as much damage against particularly
   susceptible opponents.
   It lets you fly.
 W - a +4 spear of venom (weapon)
Missiles
 a - 7 exploding tomahawks
 V - a throwing net (quivered)
Armour
 b - a +0 pair of gloves (worn)
 m - a +0 buckler (worn)
 x - a +0 plate armour (worn)
 H - a +1 cloak (worn)
 X - a +2 ring mail of fire resistance
Jewellery
 d - an uncursed amulet of inaccuracy
 r - a ring of protection from magic (left hand)
 y - an amulet of the gourmand (around neck)
 G - an uncursed ring of wizardry
 T - a +2 ring of evasion (right hand)
Wands
 o - a wand of polymorph (31)
 q - a wand of flame (123)
 u - a wand of digging (10)
 I - a wand of disintegration (12)
 R - a wand of iceblast (13)
Scrolls
 h - a scroll of vulnerability {unknown}
 i - 8 scrolls of teleportation
 j - 4 scrolls of remove curse
 p - 3 scrolls of amnesia {unknown}
 t - a scroll of blinking {unknown}
 w - a scroll of summoning {unknown}
 z - 2 scrolls of noise {unknown}
 B - 2 scrolls of enchant weapon
 M - a scroll of enchant armour {unknown}
 S - a scroll of fog {unknown}
Potions
 c - 3 potions of brilliance
 g - 3 potions of agility
 k - 2 potions of might
 n - 2 potions of haste
 s - 2 potions of invisibility
 A - 3 potions of curing
 D - 2 potions of cancellation
 F - 3 potions of lignification {unknown}
 K - a potion of ambrosia {unknown}
 N - 2 potions of flight {unknown}
 Q - 3 potions of resistance
 U - a potion of mutation {unknown}
 Y - 4 potions of heal wounds
 Z - 2 potions of berserk rage {unknown}
Books
 J - a book of Callings

   Spells                             Type                      Level
   a - Summon Small Mammal            Summoning                    1
   b - Call Imp                       Summoning                    2
   c - Call Canine Familiar           Summoning                    3
   d - Summon Guardian Golem          Hexes/Summoning              3
   e - Summon Lightning Spire         Summoning/Air                4
   f - Summon Ice Beast               Ice/Summoning                4
Comestibles
 f - 17 rations


   Skills:
 + Level 10.5 Fighting
   Level 1.4 Maces & Flails
 - Level 12.0 Polearms
 - Level 1.7 Throwing
 + Level 7.4 Armour
 - Level 2.6 Dodging
 - Level 4.0 Shields
 + Level 11.5 Invocations


You had 11 spell levels left.
You didn't know any spells.

Dungeon Overview and Level Annotations

Branches:
Dungeon (12/15)            Temple (1/1) D:5            Lair (3/6) D:9
    Orc (0/2) D:11
  Swamp: Lair:2-4    Shoals: Lair:2-4     Snake: Lair:2-4    Spider: Lair:2-4

Altars:
Ashenzari
Dithmenos
Fedhas
Makhleb
Okawaru
Qazlal
Ru
Uskayaw
Vehumet
Xom
Yredelemnul
Zin


Innate Abilities, Weirdness & Mutations

You have a pair of horns on your head.
You are partially covered in iridescent scales. (AC +2)
A weak demonic guardian rushes to your aid.
You sometimes gain power by taking damage.


Message History

The bolt of electricity hits you!
* * * LOW HITPOINT WARNING * * *
The electric eel shoots out a bolt of lightning at you!
The bolt of electricity hits you!
* * * LOW HITPOINT WARNING * * *
The electric eel shoots out a bolt of lightning at you!
The bolt of electricity hits you!
* * * LOW HITPOINT WARNING * * *
The electric eel shoots out a bolt of lightning at you!
The bolt of electricity hits the electric eel.
The electric eel completely resists.
The bolt of electricity hits you!
* * * LOW HITPOINT WARNING * * *
The electric eel shoots out a bolt of lightning at you!
The bolt of electricity misses you.
The electric eel shoots out a bolt of lightning at you!
The bolt of electricity hits you!
* * * LOW HITPOINT WARNING * * *
The electric eel shoots out a bolt of lightning at you!
The bolt of electricity hits you!
You die...

*P#..#.###P.....#.....≈.≈≈!≈≈,,,,
**########.............≈≈≈≈≈≈≈,,,
#..............;≈≈≈.,≈≈,,,
##..............;=>$≈≈≈,,,
#........§..§...;;≈≈≈,,,,,
##..........§.....≈.≈,,,,,
#.......5§.§.......,,,,,,
###....#§.§........,,,,,,
###...#@.§§.......,,,,,* #
#.......?.........,,,,** #
##............#...,,**,* #
#................,*,*** ###
###..............,,,,,, #.#
##............,,,,,,, ..#
*............,,,,,,,, .##
####......##*****,,,, ## *#######
*****


You could see 3 electric eels and a friendly white imp.

Vanquished Creatures
  The ghost of empire the Fighter, a journeyman GnWn of Cheibriados (Lair:2)
  A catoblepas (D:12)
  An ogre mage (Volcano)
  6 two-headed ogres
  A hell knight (Volcano)
  2 manticores
  A centaur skeleton (D:12)
  2 black mambas
  5 spiny frogs
  3 komodo dragons
  2 trolls
  A hornet (D:10)
  9 blink frogs
  A hippogriff (D:10)
  2 wraiths
  A shadow (D:11)
  2 water moccasins (Lair:1)
  Menkaure (D:7)
  2 porcupines
  Duvessa (D:4)
  4 orc warriors
  5 ice beasts
  2 black bears
  6 wolves
  An eye of draining (D:12)
  3 phantoms
  6 ogres
  3 centaurs
  7 crocodiles
  Blork the orc (D:5)
  5 bullfrogs
  2 big kobolds
  A scorpion (D:12)
  3 killer bees (D:7)
  9 wights
  2 electric eels (Lair:3)
  A howler monkey (D:10)
  3 crimson imps
  2 quasits
  5 jellies
  A centaur zombie (D:12)
  A hound (D:12)
  11 orc wizards
  Crazy Yiuf (D:7)
  3 orc priests
  2 bullfrog skeletons
  Ijyb (D:3)
  4 worker ants
  4 hell rats (Lair:3)
  3 gnolls (D:6)
  11 adders
  3 shadow imps
  8 oozes
  An adder skeleton (D:9)
  3 dart slugs
  4 leopard geckos
  43 orcs
  3 ball pythons
  6 giant cockroaches
  8 goblins
  8 hobgoblins
  6 jackals
  4 quokkas
  10 bats
  2 frilled lizards
  28 kobolds
  3 rats
298 creatures vanquished.

Vanquished Creatures (collateral kills)
  Joseph (D:7)
  A spiny frog (Lair:1)
  A centaur skeleton (D:12)
  A komodo dragon (Lair:2)
  Prince Ribbit (Lair:2)
  A hippogriff (D:7)
  A water moccasin (Lair:1)
  An orc warrior (D:8)
  A black bear (D:6)
  A necrophage (D:8)
  3 ogres
  A centaur (D:9)
  2 bullfrogs
  Dowan (D:4)
  A scorpion (D:6)
  A water moccasin skeleton (D:5)
  3 howler monkeys (D:9)
  2 wights
  A jelly (D:2)
  An orc priest (D:11)
  An orc wizard (D:11)
  A bullfrog skeleton (D:6)
  A worker ant (D:5)
  An adder skeleton (D:9)
  4 orcs
  A giant cockroach (D:7)
  2 jackals (D:5)
  A kobold (D:7)
38 creatures vanquished.

Vanquished Creatures (others)
  A two-headed ogre (Volcano)
  2 fungi (D:2)
  A plant (D:9)
  4 toadstools (D:2)
8 creatures vanquished.

Grand Total: 344 creatures vanquished

Notes
Turn   | Place    | Note
-------+----------+-------------------------------------------
     0 | D:1      | keltmir the Demonspawn Gladiator began the quest for the Orb.
     0 | D:1      | Reached XP level 1. HP: 16/16 MP: 1/1
   102 | D:1      | Reached skill level 3 in Polearms
   103 | D:1      | Gained mutation: You have a pair of small horns on your head. [demonic ancestry]
   103 | D:1      | Reached XP level 2. HP: 19/22 MP: 2/2
  1014 | D:2      | Gained mutation: A weak demonic guardian rushes to your aid. [demonic ancestry]
  1014 | D:2      | Reached XP level 3. HP: 28/28 MP: 3/3
  1196 | D:2      | Reached skill level 1 in Shields
  1196 | D:2      | Reached XP level 4. HP: 21/34 MP: 4/4
  1219 | D:2      | Reached skill level 4 in Polearms
  1605 | D:2      | Reached XP level 5. HP: 26/41 MP: 5/5
  1822 | D:2      | Found an iron altar of Okawaru.
  2032 | D:3      | Found a blossoming altar of Fedhas.
  2320 | D:3      | Noticed Ijyb
  2340 | D:3      | Killed Ijyb
  2782 | D:4      | Noticed an ogre
  2787 | D:4      | Killed an ogre
  2787 | D:4      | Gained mutation: You are partially covered in iridescent scales. (AC +2) [demonic ancestry]
  2787 | D:4      | Reached XP level 6. HP: 47/47 MP: 6/6
  3016 | D:4      | Reached skill level 5 in Polearms
  3260 | D:4      | You fall through a shaft for 2 floors!
  3307 | D:5      | Entered Level 5 of the Dungeon
  3376 | D:4      | Noticed Duvessa
  3395 | D:4      | Killed Duvessa
  3599 | D:4      | Noticed Dowan
  3610 | D:4      | Killed Dowan
  3718 | D:5      | Gained mutation: You sometimes gain a little power by taking damage. [demonic ancestry]
  3718 | D:5      | Reached XP level 7. HP: 53/54 MP: 7/7
  3850 | D:5      | Found a staircase to the Ecumenical Temple.
  3876 | Temple   | Entered the Ecumenical Temple
  3884 | Temple   | Became a worshipper of Qazlal Stormbringer
  4210 | D:5      | Noticed Blork the orc
  4222 | D:5      | Killed Blork the orc
  4867 | D:6      | Reached skill level 5 in Fighting
  5171 | D:6      | Reached skill level 6 in Polearms
  5175 | D:6      | Reached skill level 1 in Invocations
  5357 | D:6      | Gained mutation: You sometimes gain power by taking damage. [demonic ancestry]
  5357 | D:6      | Reached XP level 8. HP: 60/62 MP: 8/8
  5401 | D:6      | Reached skill level 1 in Maces & Flails
  5792 | D:6      | Reached * piety under Qazlal
  6451 | D:7      | Noticed Joseph
  6583 | D:7      | Noticed a dagger
  6583 | D:7      | Noticed a hand axe
  6589 | D:7      | Noticed Menkaure
  6592 | D:7      | Found a hide-covered altar of Uskayaw.
  6621 | D:7      | Killed Menkaure
  6806 | D:7      | Reached skill level 7 in Polearms
  6894 | D:7      | Noticed a hippogriff
  7353 | D:7      | Found a runed door.
  7357 | D:7      | Noticed Crazy Yiuf
  7388 | D:7      | Killed Joseph
  7388 | D:7      | Reached XP level 9. HP: 14/71 MP: 12/12
  7995 | D:7      | Killed Crazy Yiuf
  7999 | D:7      | Reached skill level 5 in Invocations
  8139 | D:8      | Found a shadowy altar of Dithmenos.
  8193 | D:8      | Reached skill level 8 in Polearms
  8193 | D:8      | Reached skill level 1 in Armour
  8737 | D:8      | Reached ** piety under Qazlal
  9705 | D:9      | Noticed a komodo dragon
  9725 | D:9      | Killed a komodo dragon
  9725 | D:9      | Reached skill level 9 in Polearms
  9885 | D:9      | Found a staircase to the Lair.
  9911 | D:9      | Reached XP level 10. HP: 78/79 MP: 15/15
 10389 | D:9      | Found a basalt altar of Yredelemnul.
 10465 | D:10     | Entered Level 10 of the Dungeon
 11398 | D:10     | Got a bloodstained fustibalus
 11399 | D:10     | Identified the +10 fustibalus of the Sun {flame, +Fly} (You found it on level 10 of the Dungeon)
 12094 | D:11     | Noticed a two-headed ogre
 12158 | D:11     | Killed a two-headed ogre
 12471 | D:11     | Reached *** piety under Qazlal
 12471 | D:11     | Reached skill level 10 in Polearms
 12744 | D:11     | Noticed a manticore
 12750 | D:11     | Killed a manticore
 13418 | D:11     | Reached **** piety under Qazlal
 13419 | D:11     | Found a staircase to the Orcish Mines.
 13774 | D:12     | Gained mutation: You have a pair of horns on your head. [demonic ancestry]
 13774 | D:12     | Reached XP level 11. HP: 85/87 MP: 17/17
 14113 | D:12     | Reached skill level 5 in Armour
 14120 | D:12     | Noticed a catoblepas
 14132 | D:12     | Killed a catoblepas
 14801 | Lair:1   | Entered Level 1 of the Lair of Beasts
 15253 | Lair:1   | Reached skill level 11 in Polearms
 16118 | Lair:2   | Reached skill level 10 in Invocations
 16502 | Lair:2   | Noticed Prince Ribbit
 16513 | Lair:2   | Killed Prince Ribbit
 16529 | Lair:2   | Reached ***** piety under Qazlal
 16599 | Lair:2   | Noticed empire's ghost (journeyman GnWn)
 16730 | Lair:2   | Killed empire's ghost
 17387 | Lair:3   | Found a dark tunnel.
 17396 | Volcano  | Entered a volcano
 17448 | Volcano  | Noticed a two-headed ogre
 17456 | Volcano  | Killed a two-headed ogre
 17456 | Volcano  | Reached XP level 12. HP: 79/97 MP: 19/19
 17460 | Volcano  | Noticed an ogre mage
 17467 | Volcano  | Killed an ogre mage
 17504 | Volcano  | Noticed a two-headed ogre
 17512 | Volcano  | Noticed a two-headed ogre
 17521 | Volcano  | Killed a two-headed ogre
 17531 | Volcano  | Killed a two-headed ogre
 17531 | Volcano  | Reached skill level 12 in Polearms
 17552 | Volcano  | Noticed a two-headed ogre
 17565 | Volcano  | Killed a two-headed ogre
 17565 | Volcano  | Reached skill level 10 in Fighting
 17575 | Volcano  | Noticed a two-headed ogre
 17593 | Volcano  | Killed a two-headed ogre
 17677 | Volcano  | Noticed a two-headed ogre
 17688 | Volcano  | Killed a two-headed ogre
 17902 | Volcano  | Found a burning altar of Makhleb.
 19069 | Lair:3   | Killed from afar by an electric eel

Skill      XL: |  1  2  3  4  5  6  7  8  9 10 11 12 |
---------------+-------------------------------------+-----
Polearms       | 3 4 5 6 7 9 10 11 12 | 12.0
Shields        | 1 2 3 4 |  4.0
Fighting       | 3 4 5 6 7 8 9 10 | 10.5
Invocations    | 1 4 6 8 10 11 | 11.5
Maces & Flails | 1 |  1.4
Armour         | 2 4 6 7 |  7.4
Throwing       | |  1.7
Dodging        | |  2.6

Action                   |  1- 3 |  4- 6 |  7- 9 | 10-12 || total
-------------------------+-------+-------+-------+-------++-------
Melee: Trident           |   102 |   146 |   102 |       ||   350
       Headbutt          |     7 |    15 |    96 |   140 ||   258
       Whip              |       |       |    37 |       ||    37
       Spear             |       |       |   357 |   759 ||  1116
Throw: Throwing net      |       |     1 |       |     3 ||     4
Invok: Upheaval          |       |       |       |     1 ||     1
  Use: Scroll            |     4 |     3 |     4 |     8 ||    19
       Potion            |       |       |     3 |     2 ||     5
 Stab: Sleeping          |     1 |     3 |       |       ||     4
       Distracted        |       |     1 |     1 |     9 ||    11
       Held in net/web   |       |       |       |     2 ||     2
  Eat: Chunk             |     1 |     8 |    22 |    28 ||    59
       Ration            |       |       |     2 |       ||     2
Armor: Leather armour    |    28 |    15 |    82 |       ||   125
       Plate armour      |       |       |    46 |   233 ||   279
       Ring mail         |       |       |       |     5 ||     5
Dodge: Dodged            |    76 |    58 |   151 |    96 ||   381
       Deflected         |       |       |       |     1 ||     1
Block: Buckler           |    14 |    20 |    95 |   191 ||   320
